AoeStats
← 一兵不出真君

Arabia

505002276Analyzed
1v1 RM · 25d ago on Sep 7, 2026· 24m 29s· 2 players
Game mode
Random Map
Map size
Tiny (2 player)
Population
200
Speed
Normal
Resources
Standard
Victory
Conquest
Starting age
Dark Age
Ending age
Imperial Age
RankedLock teamsTeams togetherTeam positionsShared explorationLock speedFull tech treeHidden civsTurbo modeCheats
Victory
Defeat
🇨🇳 Tupi · China
1902
+19
🇮🇹 Cumans · Italy
1959
-19
一兵不出真君
10:01 Feudal Age
9:18 Loom
14:20 Castle Age
19:54 Fletching
GdR_Kingofn00b5
6:15 Loom
8:47 Feudal Age
10:21 Double-Bit Axe
11:10 Horse Collar
20:08 Castle Age
19:13 Padded Archer Armor
19:03 Fletching
20:48 Bodkin Arrow
21:12 Elite Skirmisher
Connection lost

Rejoining the realm…

Still unreachable

The connection could not be restored.

Session expired

The server has moved on; the page needs a fresh start.